 Dungeon Crawl Stone Soup version 0.31-a0-953-geb88551 (webtiles) character file.

Game seed: 6858242442257260136

204715 Meow the Warrior (level 19, -9/202 HPs)
             Began as a Naga Conjurer on Oct 21, 2023.
             Was an Initiate of Gozag.
             Mangled by a +0 spectral double sword (10 damage)
             ... created by a +0 spectral double sword
             ... on level 2 of the Elven Halls.
             The game lasted 02:46:09 (48059 turns).

Meow the Warrior (Naga Conjurer)                   Turns: 48059, Time: 02:46:10

Health: -9/202     AC: 23    Str: 11    XL:     19   Next: 9%
Magic:  0/43       EV:  7    Int: 28    God:    Gozag
Gold:   5013       SH:  5    Dex: 10    Spells: 23/58 levels left

rFire   + + .        a - +6 scimitar (freeze)
rCold   + + .        (no shield)
rNeg    + + +        p - +2 robe {rC+}
rPois   +            t - +2 hood of the Assassin {Detect Stab+ Stlth++}
rElec   +            s - +2 cloak
rCorr   +            I - +0 pair of gloves
SInv    +            C - +4 barding {Stlth+}
Will    +++..        c - amulet of Xom's Bemusement {Reflect Rampage rC+ rN++ Dex-2 SH+5}
Stlth   +++++        r - ring of willpower
HPRegen 0.53/turn    k - ring of Xom's Amusement {rElec rF++ rN+ rCorr Str+2 Dex+3}
MPRegen 0.28/turn

%: reflection, rampage
@: very slightly contaminated, very slow
A: AC +6, large, see invisible, deformed body, poison resistance, slowness 2,
spit poison 1, naga tail 2
a: Spit Poison, Renounce Religion, Potion Petition, Call Merchant, Bribe Branch


You were on level 2 of the Elven Halls.
You worshipped Gozag.
Gozag was greatly pleased with you.
You visited 6 branches of the dungeon, and saw 28 of its levels.
You also visited: Gauntlet, Ice Cave and Volcano.

You collected 11630 gold pieces.
You spent 2285 gold pieces at shops.
You paid 4332 gold pieces to Gozag.

Inventory:

Hand Weapons
 a - a +6 scimitar of freezing (weapon)
 v - the +4 long sword of Fubirgh {heavy, rF++ Will+++ Int-4}
   (You found it on level 3 of the Snake Pit)

   Int-4:     It affects your intelligence (-4).
   rF++:      It greatly protects you from fire.
   Will+++:   It greatly increases your willpower.
Missiles
 d - 214 stones
 m - 17 javelins (quivered)
 S - 4 curare-tipped darts
 Y - 4 datura-tipped darts
Armour
 p - a +2 robe of cold resistance (worn)
 s - a +2 cloak (worn)
 t - the +2 hood of the Assassin (worn) {Detect Stab+ Stlth++}
   (You bought it in a shop on level 2 of the Orcish Mines)

   Detect:    It allows the wearer to sense nearby creatures.
   Stab+:     It allows the wearer to make particularly effective stabbing
   attacks against helpless or unaware enemies with any weapon.
   Stlth++:   It makes you much more stealthy.
 C - a +4 barding of stealth (worn)
 I - a +0 pair of gloves (worn)
Jewellery
 c - the amulet of Xom's Bemusement (around neck) {Reflect Rampage rC+ rN++ Dex-2 SH+5}
   (You found it on level 5 of the Lair of Beasts)

   [amulet of reflection]

   Reflect:   It reflects blocked missile attacks.
   Dex-2:     It affects your dexterity (-2).
   rC+:       It protects you from cold.
   rN++:      It greatly protects you from negative energy.
   SH+5:      It affects your SH (+5).
   Rampage:   It bestows one free step when moving towards enemies.
 k - the ring of Xom's Amusement (right hand) {rElec rF++ rN+ rCorr Str+2 Dex+3}
   (You found it on level 13 of the Dungeon)

   [ring of resist corrosion]

   Str+2:     It affects your strength (+2).
   Dex+3:     It affects your dexterity (+3).
   rF++:      It greatly protects you from fire.
   rElec:     It insulates you from electricity.
   rN+:       It protects you from negative energy.
   rCorr:     It protects you from acid and corrosion.
 r - a ring of willpower (left hand)
 D - an amulet of magic regeneration
 K - the ring "Kewy" {*Slow rN++ AC+4 Stlth+}
   (You found it on level 2 of the Elven Halls)

   [ring of protection]

   AC+4:      It affects your AC (+4).
   rN++:      It greatly protects you from negative energy.
   *Slow:     It may slow you when you take damage.
   Stlth+:    It makes you more stealthy.
Wands
 y - a wand of iceblast (22)
 A - a wand of acid (41)
 B - a wand of mindburst (20)
 L - a wand of polymorph (10)
 M - a wand of charming (12)
 O - a wand of digging (3)
Scrolls
 e - 4 scrolls of immolation
 f - 3 scrolls of teleportation
 l - 3 scrolls of torment
 u - a scroll of enchant armour
 H - 2 scrolls of amnesia
 J - 4 scrolls of fog
 N - a scroll of identify
 P - 2 scrolls of enchant weapon
 R - 3 scrolls of poison
 T - a scroll of revelation
Potions
 b - a potion of magic
 g - 6 potions of berserk rage
 h - 4 potions of attraction
 i - 6 potions of ambrosia
 j - 14 potions of curing
 n - 7 potions of mutation
 o - 2 potions of haste
 w - a potion of enlightenment
 x - 2 potions of cancellation
 z - 4 potions of invisibility
 F - 3 potions of lignification
 G - 2 potions of might
 Q - 4 potions of brilliance
 U - 4 potions of heal wounds
Miscellaneous
 q - a condenser vane
 E - a lightning rod (4/4)


   Skills:
 - Level 20.0 Fighting
 - Level 1.5 Dodging
 - Level 3.0 Stealth
 - Level 20.0 Spellcasting
 + Level 17.5 Conjurations


You had 23 spell levels left.
You knew the following spells:

 Your Spells              Type           Power      Damage    Failure   Level
a - Magic Dart            Conj           100%       1d8       0%          1
b - Searing Ray           Conj           100%       2d8       0%          2
c - Fulminant Prism       Conj/Hex       33%        3d16      1%          4
f - Freezing Cloud        Conj/Ice/Air   28%        6-21      3%          5
g - Orb of Destruction    Conj           45%        9d12      1%          7
t - Sticky Flame          Conj/Fire      67%        2d8       1%          4
A - Stone Arrow           Conj/Erth      100%       3d13      1%          3
B - Iskenderun's Mystic   Conj/Tloc      67%        2d14      1%          4
T - Irradiate             Conj/Tmut      33%        3d22      1%          5

Your spell library contained the following spells:

 Spells                   Type           Power      Damage    Failure   Level
 Apportation              Tloc           56%        N/A       1%          1
 Freeze                   Ice            100%       1d10      1%          1
 Necrotise                Necr           100%       1d9       1%          1
 Shock                    Conj/Air       100%       1d9       1%          1
 Sting                    Tmut/Pois      100%       1d8       1%          1
 Summon Small Mammal      Summ           100%       N/A       1%          1
 Dazzling Flash           Conj/Hex       100%       N/A       1%          3
 Hailstorm                Conj/Ice       67%        3d14      1%          3
 Flame Wave               Conj/Fire      67%        2d15      1%          4
 Blink                    Tloc           56%        N/A       2%          2
 Cigotuvi's Dreadful Rot  Necr/Pois/Air  56%        N/A       2%          2
 Ensorcelled Hibernation  Hex/Ice        56%        N/A       2%          2
 Jinxbite                 Hex            56%        N/A       2%          2
 Passwall                 Tmut/Erth      23%        N/A       2%          2
 Poisonous Vapours        Pois/Air       56%        N/A       2%          2
 Scorch                   Fire           56%        2d7       2%          2
 Sublimation of Blood     Necr           28%        N/A       2%          2
 Ignite Poison            Fire/Tmut/Pois 28%        N/A       4%          3
 Inner Flame              Hex/Fire       28%        N/A       4%          3
 Swiftness                Air            28%        N/A       4%          3
 Tukima's Dance           Hex            28%        N/A       4%          3
 Animate Armour           Summ/Erth      56%        N/A       14%         4
 Manifold Assault         Tloc           28%        N/A       14%         4
 Olgreb's Toxic Radiance  Pois           28%        N/A       14%         4
 Petrify                  Tmut/Erth      28%        N/A       14%         4
 Summon Ice Beast         Ice/Summ       28%        N/A       14%         4
 Spellforged Servitor     Conj/Summ      33%        N/A       32%         7
 Alistair's Intoxication  Tmut/Pois      18%        N/A       36%         5
 Borgnjor's Vile Clutch   Necr/Erth      14%        N/A       36%         5
 Metabolic Englaciation   Hex/Ice        14%        N/A       36%         5
 Silence                  Hex/Air        14%        N/A       36%         5
 Summon Mana Viper        Hex/Summ       28%        N/A       36%         5
 Death Channel            Necr           14%        N/A       91%         6
 Summon Cactus Giant      Summ           14%        N/A       91%         6
 Lehudib's Crystal Spear  Conj/Erth      33%        10d9      95%         8
 Monstrous Menagerie      Summ           14%        N/A       100%        7
 Chain Lightning          Conj/Air       33%        3d44      100%        9
 Fire Storm               Conj/Fire      33%        8d9       100%        9
 Animate Dead             Necr           Unusable   N/A       N/A         4

Dungeon Overview and Level Annotations

Branches:
Dungeon (15/15)            Temple (1/1) D:5            Lair (5/5) D:8
 Shoals (0/4) Lair:3        Snake (3/4) Lair:2        Slime (0/5) Lair:5
    Orc (2/2) D:12            Elf (1/3) Orc:2        Vaults (0/5) D:13
 Depths (0/4) D:15          IceCv (visited)         Volcano (visited)
Gauntlet (visited)

Altars:
Ashenzari
Cheibriados
Dithmenos
Elyvilon
Fedhas
Gozag
Hepliaklqana
Kikubaaqudgha
Makhleb
Nemelex Xobeh
Okawaru
Qazlal
Ru
Sif Muna
Trog
Uskayaw
Vehumet
Wu Jian
Xom
Yredelemnul
Zin
The Shining One
Jiyva
Lugonu

Shops:
D:6 =   Orc:2 ([([   Elf:2 =   Lair:1 ****[   Snake:2 =:=

Portals:
Abyss: Lair:5

Annotations:
D:2 1 runed translucent door, Crazy Yiuf
D:15 Roxanne
Temple 2 transporters
Lair:5 3 runed translucent doors, tenshi1004's ghost, journeyman FoFi


Innate Abilities, Weirdness & Mutations

Your serpentine skin is tough. (AC +6)
You have supernaturally acute eyesight. (SInv)
Armour fits poorly on your strangely shaped body.
Your system is resistant to poisons. (rPois)
You cover ground very slowly.
You can spit poison.
You can use your snake-like lower body to constrict enemies.


Message History

Aim: a +0 spectral double sword (moderately damaged, unaware, hasn't noticed you, 55% to hit)
The stone arrow hits the +0 spectral double sword!!
The +0 spectral double sword is almost destroyed.
The +0 spectral double sword is no longer distracted by gold.
The +0 spectral double sword hits you!!
* * * LOW HITPOINT WARNING * * *
You block the +0 spectral double sword's attack.
A +0 spectral double sword comes into view.
Unknown command.
Aiming: Corrosive Bolt
Press: ? - help, Shift-Dir - straight line, f/p - +0 spectral double sword
Aim: a +0 spectral double sword (almost destroyed, 43% to hit)
The bolt of acid misses the +0 spectral double sword.
The +0 spectral double sword hits you!!
* * * LOW HITPOINT WARNING * * *
The +0 spectral double sword hits you!!
* * * LOW HITPOINT WARNING * * *
Okay, then.
Casting: Stone Arrow (safe; 1% risk of failure)
Confirm with . or Enter, or press ? or * to list all spells.
You don't have enough magic to cast this spell.
Unknown command.
Casting: Stone Arrow (safe; 1% risk of failure)
Confirm with . or Enter, or press ? or * to list all spells.
Okay, then.
Casting: Stone Arrow (safe; 1% risk of failure)
Confirm with . or Enter, or press ? or * to list all spells.
Okay, then.
Aiming: Corrosive Bolt
Press: ? - help, Shift-Dir - straight line, f/p - +0 spectral double sword
Aim: a +0 spectral double sword (almost destroyed, 43% to hit)
The bolt of acid misses the +0 spectral double sword.
The +0 spectral double sword hits you!
* * * LOW HITPOINT WARNING * * *
The +0 spectral double sword hits you.
* * * LOW HITPOINT WARNING * * *
You block the +0 spectral double sword's attack.
The +0 spectral double sword hits you!
You die...
Your body crumbles into a pile of gold.

.###...## ####'''''#### ##...# .
..#....## ###.....### #....#..
........####....$$...## ........
.........##...........# .........
........###...........###........
.......###.............###.......
.......###.............#
........##..^...((.....#
.........#......@......#
........##.............#
.{##...####...........## { ##
##..## #...........#
##..####.........## #####....#
###.....### e.##.....# #......##
{ (.......## #......######
.$......# #.)..)..'...#


You could see a +0 spectral double sword and a +0 spectral double sword.

Vanquished Creatures
  Vashnia (Snake:2)
  Jorgrun (Orc:1)
  A lich (IceCv)
  Agnes (Snake:3)
  Aizul (Snake:1)
  2 deep elf sorcerers
  An orc warlord (Orc:2)
  A quicksilver ooze (Gauntlet)
  A minotaur (Gauntlet)
  A quicksilver dragon zombie (D:15)
  2 fire dragons
  Josephine (D:11)
  2 caustic shrike simulacra (IceCv)
  5 vault guards (D:13)
  8 hydras
  6 centaur warriors
  Fannar (Lair:2)
  5 catoblepae
  2 ogre magi (Orc:2)
  A boulder beetle (D:13)
  18 two-headed ogres
  9 anacondas
  14 naga warriors
  A death knight (D:14)
  2 tengu warriors
  4 death yaks
  21 dancing weapons
  9 naga sharpshooters
  Urug (Lair:3)
  2 thrashing horrors (Lair:5)
  10 deep elf knights
  An orc high priest (Elf:2)
  5 shock serpents
  7 skeletal warriors
  Sonja (D:10)
  A skyshark (Lair:4)
  Amaemon (Lair:1)
  4 naga ritualists
  A deep troll (Orc:1)
  An iron troll (Orc:2)
  An obsidian statue (IceCv)
  2 spriggan simulacra (IceCv)
  A flayed ghost (D:15)
  A storm dragon skeleton (D:15)
  An arcanist (D:12)
  11 deep elf zephyrmancers
  An orc knight (Orc:1)
  5 deep elf archers (Elf:2)
  A bog body (IceCv)
  21 deep elf pyromancers
  2 harpies (Lair:3)
  4 lindwurms (Volcano)
  2 necromancers
  12 mana vipers
  20 ugly things
  2 orc sorcerers
  8 salamanders
  4 manticores
  33 black mambas
  6 cyclopes
  10 guardian serpents
  A molten gargoyle (Gauntlet)
  An elephant (D:8)
  14 naga magi
  24 cane toads
  5 gargoyles
  5 smoke demons
  An orange demon (Lair:1)
  An unseen horror (D:12)
  Maggie (Lair:2)
  2 tengu conjurers
  11 komodo dragons
  A yaktaur (D:15)
  3 rime drakes
  An ice devil (Gauntlet)
  An efreet (D:15)
  A komodo dragon (shapeshifter) (Lair:5)
  5 anaconda simulacra (IceCv)
  15 freezing wraiths
  4 golden dragon simulacra (IceCv)
  11 trolls
  A queen bee (D:13)
  6 meliai
  2 alligator simulacra (IceCv)
  Grinder (D:3)
  2 polar bears
  20 blink frogs
  2 raiju (Lair:5)
  6 dream sheep (Lair:5)
  A large abomination (Lair:5)
  An air elemental (Elf:2)
  A spriggan (Lair:5)
  17 slime creatures
  5 centaur simulacra
  A spriggan (shapeshifter) (D:15)
  5 wyverns
  7 shadows
  A water elemental (Elf:1)
  5 wraiths
  3 dire elephant simulacra (IceCv)
  7 fire bats
  36 yaks
  7 humans
  9 vampire mosquitoes
  7 basilisks
  2 chaos spawn (Lair:5)
  A fire elemental (D:12)
  4 hogs (D:8)
  5 steam dragons
  39 nagas
  2 minotaur simulacra (IceCv)
  4 harpy simulacra (IceCv)
  5 wargs
  14 water moccasins
  2 hydra simulacra (IceCv)
  An acid dragon (D:13)
  4 hell hounds
  26 orc warriors
  A sky beast (D:8)
  5 ice beasts
  An ettin simulacrum (IceCv)
  A black bear (D:8)
  A boggart (shapeshifter) (D:14)
  23 ogres
  17 centaurs
  3 wolves (Lair:4)
  A phantom (D:12)
  4 kobold brigands (D:8)
  4 gnoll sergeants
  2 deep troll simulacra (IceCv)
  14 bullfrogs
  10 small abominations (Lair:5)
  2 scorpions
  5 wights (D:7)
  A hornet simulacrum (Gauntlet)
  3 troll zombies (D:12)
  31 killer bees
  4 lindwurm simulacra (IceCv)
  3 howler monkeys
  6 electric eels
  2 lava snakes (D:12)
  14 orc priests
  6 hounds
  2 jellies
  A gnoll bouda (D:8)
  2 sleepcaps
  Terence (D:2)
  3 iguanas
  27 orc wizards
  7 hell rats (Lair:2)
  3 ogre zombies (D:12)
  23 gnolls
  8 adders
  A shadow imp (D:5)
  6 white imps
  2 ufetubi (Temple)
  3 worms
  2 dart slugs
  85 orcs
  10 ball pythons
  9 endoplasms
  6 giant cockroaches
  6 goblins
  10 hobgoblins
  7 jackals (D:1)
  3 quokkas
  5 bats
  A frilled lizard (D:2)
  2 gnoll skeletons (D:12)
  9 kobolds
  2 orc skeletons (D:12)
  15 orc zombies (D:12)
  7 rats
1107 creatures vanquished.

Vanquished Creatures (others)
  A vault guard (D:13)
  A deep elf knight (Elf:2)
  An orc (Orc:2)
3 creatures vanquished.

Grand Total: 1110 creatures vanquished

Notes
Turn   | Place    | Note
-------+----------+-------------------------------------------
     0 | D:1      | Meow the Naga Conjurer began the quest for the Orb.
     0 | D:1      | Reached XP level 1. HP: 15/15 MP: 3/3
   160 | D:1      | Reached XP level 2. HP: 22/22 MP: 1/5
   163 | D:1      | Learned a level 2 spell: Searing Ray
   593 | D:1      | Reached XP level 3. HP: 28/28 MP: 6/6
  1185 | D:2      | Noticed Terence
  1308 | D:2      | Reached XP level 4. HP: 36/36 MP: 5/8
  1466 | D:2      | Reached skill level 5 in Conjurations
  1735 | D:3      | Noticed Grinder
  1801 | D:3      | Reached XP level 5. HP: 42/42 MP: 4/10
  2516 | D:4      | Reached XP level 6. HP: 49/49 MP: 12/12
  2527 | D:4      | Learned a level 3 spell: Stone Arrow
  3218 | D:3      | Learned a level 4 spell: Fulminant Prism
  3286 | D:4      | Reached XP level 7. HP: 55/55 MP: 2/14
  3409 | D:4      | Reached skill level 5 in Spellcasting
  3519 | D:4      | Found a blossoming altar of Fedhas.
  3521 | D:4      | Found a radiant altar of Vehumet.
  3529 | D:4      | Found a sparkling altar of Nemelex Xobeh.
  3529 | D:4      | Found a snail-covered altar of Cheibriados.
  3530 | D:4      | Found a stormy altar of Qazlal.
  3531 | D:4      | Found a shadowy altar of Dithmenos.
  3536 | D:4      | Found a hide-covered altar of Uskayaw.
  3646 | D:2      | Killed Terence
  3707 | D:2      | Found a runed translucent door.
  3708 | D:2      | Noticed Crazy Yiuf
  3833 | D:3      | Killed Grinder
  4075 | D:5      | Entered Level 5 of the Dungeon
  4327 | D:5      | Reached XP level 8. HP: 62/62 MP: 11/16
  4559 | D:5      | Found a staircase to the Ecumenical Temple.
  4569 | Temple   | Found a transporter.
  4569 | Temple   | Found a transporter.
  4569 | Temple   | Found a transporter.
  4569 | Temple   | Found a transporter.
  4569 | Temple   | Entered the Ecumenical Temple
  4588 | Temple   | Became a worshipper of Gozag Ym Sagoz the Greedy
  4718 | D:5      | Found an ornate altar of the Wu Jian Council.
  5107 | D:6      | Reached skill level 1 in Fighting
  5700 | D:6      | Found Baun's Jewellery Shoppe.
  6252 | D:7      | Noticed a wyvern
  6487 | D:7      | Reached XP level 9. HP: 78/78 MP: 9/19
  6927 | D:7      | Reached skill level 5 in Fighting
  7712 | D:8      | Noticed a two-headed ogre
  7905 | D:8      | Reached XP level 10. HP: 57/94 MP: 3/21
  8031 | D:8      | Noticed a gargoyle
  8045 | D:8      | Killed a gargoyle
  8361 | D:8      | Killed a two-headed ogre
  8362 | D:8      | Reached skill level 10 in Conjurations
  8771 | D:8      | Noticed a manticore
  8779 | D:8      | Killed a manticore
  9203 | D:8      | Found a glowing silver altar of Zin.
  9204 | D:8      | Noticed an angel
  9383 | D:8      | Found a staircase to the Lair.
  9398 | D:8      | Noticed an elephant
  9415 | D:8      | Killed an elephant
  9531 | D:8      | Reached XP level 11. HP: 103/103 MP: 18/24
  9772 | D:13     | Identified the "Moawnih"
  9772 | D:13     | Identified the "Luedic"
  9772 | D:13     | Identified the "Porutid"
  9772 | Lair:1   | Entered Level 1 of the Lair of Beasts
  9778 | Lair:1   | Noticed Amaemon
  9977 | D:9      | Noticed a two-headed ogre
  9983 | D:9      | Killed a two-headed ogre
  9984 | D:9      | Reached skill level 10 in Spellcasting
 10580 | D:9      | Noticed a two-headed ogre
 10587 | D:9      | Killed a two-headed ogre
 10923 | D:10     | Entered Level 10 of the Dungeon
 11255 | D:10     | Noticed Sonja
 11288 | D:10     | Killed Sonja
 11392 | D:10     | Learned a level 4 spell: Iskenderun's Mystic Blast
 11455 | D:10     | Noticed a two-headed ogre
 11463 | D:10     | Killed a two-headed ogre
 11970 | D:11     | Noticed a two-headed ogre
 11977 | D:11     | Killed a two-headed ogre
 12287 | D:11     | Noticed a cyclops
 12321 | D:11     | Noticed a two-headed ogre
 12325 | D:11     | Killed a two-headed ogre
 12326 | D:11     | Reached XP level 12. HP: 79/112 MP: 13/27
 12617 | D:11     | Noticed Josephine
 12621 | D:11     | Killed Josephine
 12895 | Lair:1   | Killed Amaemon
 13098 | Lair:1   | Bought a scroll of poison for 56 gold pieces
 13176 | Lair:1   | Reached skill level 10 in Fighting
 13587 | Lair:1   | Identified the amulet "Defy" {Acrobat Dex+4}
 13983 | Lair:1   | Identified the ring "Gaguvuan" {Int+2 Dex+4 SInv}
 14881 | Lair:2   | Found a staircase to the Snake Pit.
 15185 | Lair:2   | Gained mutation: You can use your snake-like lower body to
                  | constrict enemies. [Naga growth]
 15185 | Lair:2   | Reached XP level 13. HP: 129/129 MP: 14/28
 15726 | Lair:2   | Noticed Maggie
 15726 | Lair:2   | Noticed Fannar
 16017 | Lair:2   | Killed Fannar
 16116 | Lair:2   | Killed Maggie
 17026 | Lair:3   | Found a staircase to the Shoals.
 17756 | Lair:4   | Noticed Urug
 17775 | Lair:3   | Killed Urug
 18087 | Lair:4   | Found a dark tunnel.
 18090 | Volcano  | Entered a volcano
 18303 | Volcano  | Reached XP level 14. HP: 136/144 MP: 22/31
 19439 | Lair:5   | Entered Level 5 of the Lair of Beasts
 19542 | Lair:5   | Found a runed translucent gate.
 19543 | Lair:5   | Found a runed translucent gate.
 19719 | Lair:5   | Found a staircase to the Slime Pits.
 19719 | Lair:5   | Found a viscous altar of Jiyva.
 20194 | Lair:5   | Reached skill level 15 in Fighting
 20829 | Lair:5   | Found a runed translucent gate.
 21158 | Lair:5   | Noticed tenshi1004's ghost (journeyman FoFi)
 21466 | Lair:5   | Identified the amulet of Xom's Bemusement {Reflect Rampage
                  | rC+ rN++ Dex-2 SH+5}
 21576 | Lair:5   | Found a corrupted altar of Lugonu.
 21576 | Lair:5   | Found a one-way gate to the infinite horrors of the Abyss.
 22562 | D:12     | Found a staircase to the Orcish Mines.
 22612 | D:12     | Found a gate leading to a gauntlet.
 22627 | D:12     | Reached XP level 15. HP: 157/157 MP: 25/33
 22648 | Gauntlet | Entered a Gauntlet
 22648 | Gauntlet | Found a transporter.
 22657 | Gauntlet | Found a transporter.
 22660 | Gauntlet | Found a transporter.
 22661 | Gauntlet | Found a transporter.
 22669 | Gauntlet | Found a transporter.
 22672 | Gauntlet | Found a transporter.
 22673 | Gauntlet | Found a transporter.
 22682 | Gauntlet | Found a transporter.
 22685 | Gauntlet | Found a transporter.
 22686 | Gauntlet | Found a transporter.
 22692 | Gauntlet | Found a runed translucent gate.
 22692 | Gauntlet | Found a runed translucent gate.
 22693 | Gauntlet | Found a runed translucent gate.
 22694 | Gauntlet | Found a transporter.
 22697 | Gauntlet | Found a transporter.
 22698 | Gauntlet | Found a transporter.
 22706 | Gauntlet | Found a transporter.
 23117 | Gauntlet | Identified the ring of the Frog {rF- Will+ Str+2 Dex+4
                  | SInv}
 23226 | Gauntlet | Identified the +0 scale mail of Disappointment {Dex+3
                  | Slay+3}
 23434 | D:12     | Identified the amulet of Vodka {Reflect *Corrode rC++ SH+5}
 23935 | D:12     | You fall into a shaft and drop 3 floors!
 23935 | D:15     | Entered Level 15 of the Dungeon
 23943 | D:15     | Noticed Roxanne
 24793 | D:15     | Reached skill level 15 in Spellcasting
 25272 | D:15     | Found a staircase to the Depths.
 26015 | D:15     | Found an opulent altar of Gozag.
 26766 | D:14     | Learned a level 5 spell: Irradiate
 27171 | D:14     | Found a bloodstained altar of Trog.
 27387 | D:14     | Learned a level 4 spell: Sticky Flame
 27595 | D:14     | Identified the +11 short sword of Bicupp {freeze, Fragile
                  | rN+ Dex+4}
 28219 | D:14     | Found a sparkling altar of Nemelex Xobeh.
 28328 | D:13     | Reached XP level 16. HP: 160/171 MP: 26/35
 30184 | D:13     | Identified the ring of Xom's Amusement {rElec rF++ rN+
                  | rCorr Str+2 Dex+3}
 30572 | D:13     | Found a gate to the Vaults.
 31554 | Orc:1    | Entered Level 1 of the Orcish Mines
 31679 | Orc:1    | Noticed Jorgrun
 32017 | Orc:1    | Killed Jorgrun
 32209 | Orc:2    | Entered Level 2 of the Orcish Mines
 32936 | Orc:2    | Found Migula's Antique Armour Boutique.
 32936 | Orc:2    | Found a staircase to the Elven Halls.
 34462 | Orc:2    | Found Elip's Armour Boutique.
 34464 | Orc:2    | Found Wumat's Weapon Emporium.
 34472 | Orc:2    | Found Asukk's Weapon Shop.
 34697 | Orc:2    | Bought the +2 hood of the Assassin {Detect Stab+ Stlth++}
                  | for 1740 gold pieces
 34697 | Orc:2    | Found the +2 hood of the Assassin {Detect Stab+ Stlth++}
 34935 | Snake:1  | Entered Level 1 of the Snake Pit
 35003 | Snake:1  | Noticed Aizul
 35016 | Snake:1  | Killed Aizul
 35152 | Snake:1  | Reached XP level 17. HP: 181/181 MP: 32/39
 36904 | Snake:1  | Identified the +0 helmet of Inevitability {Rampage rF+
                  | Str+2 Stlth-}
 37412 | Snake:2  | Identified the "Feirusch"
 38749 | Snake:2  | Found Gowkiani's Jewellery Shoppe.
 38749 | Snake:2  | Found Teytwut's Book Boutique.
 38750 | Snake:2  | Found Qarph's Jewellery Shoppe.
 38762 | Snake:2  | Bought a Trismegistus Codex for 286 gold pieces
 38769 | Snake:2  | Learned a level 5 spell: Freezing Cloud
 38896 | Snake:2  | Noticed Vashnia
 39566 | Snake:2  | Killed Vashnia
 39657 | IceCv    | Identified the "Zacluih"
 39829 | Snake:3  | Found a frozen archway.
 39852 | IceCv    | Entered an ice cave
 40658 | IceCv    | Identified the +0 hat of Intuition {rPois rC+ Str+4 SInv
                  | Stlth-}
 40689 | IceCv    | Found an ancient bone altar of Kikubaaqudgha.
 41455 | IceCv    | Reached XP level 18. HP: 94/194 MP: 31/41
 41828 | IceCv    | Noticed a lich
 41839 | IceCv    | Killed a lich
 42119 | Snake:3  | Identified a scroll of acquirement
 42120 | Snake:3  | Identified the "Adasyel" (You acquired it on level 3 of
                  | the Snake Pit)
 42120 | Snake:3  | Acquired Meow's Vellum of Attacks
 42130 | Snake:3  | Learned a level 7 spell: Orb of Destruction
 44107 | Snake:3  | Noticed Agnes
 44114 | Snake:3  | Killed Agnes
 44133 | Snake:3  | Reached skill level 15 in Conjurations
 44174 | Snake:3  | Identified the +4 long sword of Fubirgh {heavy, rF++
                  | Will+++ Int-4}
 44176 | Snake:3  | Identified the +0 pair of boots of Feasting {rCorr}
 44621 | Lair:1   | Bought a turquoise-encrusted leather armour for 203 gold
                  | pieces
 44621 | Lair:1   | Identified the +1 leather armour of Grace {Int+8} (You
                  | bought it in a shop on level 1 of the Lair of Beasts)
 44974 | Shoals:3 | Identified the "Ofibogafo"
 44974 | Desolati | Identified the of Wime
 44974 | Vaults:5 | Identified the "Nium"
 44974 | Crypt:3  | Identified the "Zodi"
 44974 | Elf:1    | Identified the "Yxke"
 44974 | Elf:1    | Identified the "Ceade"
 44974 | Elf:1    | Entered Level 1 of the Elven Halls
 45464 | Elf:1    | You fall into a shaft and drop 1 floor!
 45626 | Elf:2    | Identified the ring "Kewy" {*Slow rN++ AC+4 Stlth+}
 46551 | Elf:2    | Found a huge runed translucent gate.
 46551 | Elf:2    | Found a huge runed translucent gate.
 46551 | Elf:2    | Found a huge runed translucent gate.
 46551 | Elf:2    | Found a huge runed translucent gate.
 46551 | Elf:2    | Found a huge runed translucent gate.
 47206 | Elf:2    | Found Uddiass's Jewellery Boutique.
 47877 | Elf:2    | Reached XP level 19. HP: 195/202 MP: 23/43
 48059 | Elf:2    | HP: 3/202 [+0 spectral double sword (11)]
 48059 | Elf:2    | HP: 1/202 [+0 spectral double sword[a +0 spectral double
                  | sword] (2)]
 48059 | Elf:2    | Mangled by a +0 spectral double sword

Illustrated notes

Levels and vault maps discovered:
D:1:      dpeg_arrival_arbitrary_a, layout_loops_ring
D:2:      layout_basic, uniq_crazy_yiuf_cottage, uniq_terence
D:3:      layout_rooms, serial_park_tiny_pond, uniq_grinder
D:4:      layout_loops_ring, minitemple
D:5:      layout_loops_cross, nzn_wu_jian_council_hall,
          minmay_temple_entry_gardened_gates
D:6:      wander_river, layout_layer_cave, minmay_tree_intersection,
          minmay_shop_enchanted_jewellery
D:7:      layout_cave_pools
D:8:      minmay_ornate_pinched, layout_loops_ring, zin_angel,
          grunt_lair_entry_orc_guard_hut, serial_bayou, serial_bayou_shore_a,
          serial_bayou_pond_b, serial_bayou_crossing, serial_bayou_pond_a,
          grunt_livestock, chequers_decorated_corner
D:9:      layout_basic
D:10:     layout_basic, uniq_sonja
D:11:     layout_irregular_city, uniq_josephine
D:12:     layout_roguey, zombieorc1_lemuel, gauntlet_entry_generic,
          hangedman_incinerator
D:13:     layout_roguey [special_room_bee], ximxim_vaults_locker_room,
          bh_hangedman_babel_library
D:14:     layout_irregular_city, lemuel_doored_altar,
          nemelex_diamond_rough_becter
D:15:     gammafunk_depths_entry_grave, layout_small_grid,
          nicolae_gozag_cash_rules_everything_around_me, minmay_fountain_box,
          uniq_roxanne
Temple:   hellmonk_temple_divided_pantheon
Lair:1:   layout_hall_layers, uniq_amaemon
Lair:2:   layout_cave_pods, nicolae_snake_entry_squirm, beast_lair_carwin_10,
          grunt_megastairs_1, uniq_maggie, uniq_fannar
Lair:3:   layout_chaotic_city, nicolae_shoals_entry_roost, grunt_megastairs_5,
          infiniplex_staircase_pool_2
Lair:4:   layout_roguey, nicolae_volcano_entry_batcave,
          nicolae_quartered_pool_medium, uniq_urug
Lair:5:   hellmonk_lair_end_abyssal_woods, layout_cave_shapes, slime_entry_1,
          gammafunk_ghost_icy
Snake:1:  layout_honeycomb, nicolae_snake_linked_coils, grunt_megastairs_3,
          uniq_aizul
Snake:2:  layout_cave_shapes, minmay_shop_grove, uniq_vashnia
Snake:3:  kennysheep_snake, layout_misc_corridors,
          portal_ice_cave_entry_pillars_2, uniq_agnes
Orc:1:    layout_diamond_mine, serial_shops, nicolae_orc_crystal_geode,
          uniq_jorgrun
Orc:2:    st_orc_open, layout_diamond_mine
Elf:1:    elf_arrival_002, layout_loops_corners, evilmike_minifort
Elf:2:    elven_hall_of_blades_hangedman_alternative [nicolae_blade_bullseye],
          layout_gridlike, serial_shops, nicolae_shop_rolling_square, hex_large

Skill      XL: |  1  2  3  4  5  6  7  8  9 10 11 12 13 14 15 16 17 18 |
---------------+-------------------------------------------------------+-----
Spellcasting   | 3 4 5 6 7 9 11 13 14 15 18 19 20 | 20.0
Conjurations   | 5 6 7 8 9 11 12 13 14 17 | 17.5
Fighting       | 3 7 8 12 14 16 17 18 19 20 | 20.0
Dodging        | |  1.5
Stealth        | |  3.0

Action                     |  1- 3 |  4- 6 |  7- 9 | 10-12 | 13-15 | 16-18 | 19-21 || total
---------------------------+-------+-------+-------+-------+-------+-------+-------++-------
  Melee: Mace              |     1 |       |     1 |       |       |       |       ||     2
         Scimitar          |       |       |       |    29 |    72 |   424 |     8 ||   533
         Constrict         |       |       |       |       |    13 |   105 |     1 ||   119
         Punch             |       |       |       |       |       |     5 |     1 ||     6
  Throw: Javelin           |       |     1 |     2 |       |       |       |       ||     3
   Cast: Magic Dart        |    44 |    54 |    61 |    90 |    67 |    61 |     1 ||   378
         Searing Ray       |     3 |    19 |    63 |   102 |    86 |     6 |       ||   279
         Stone Arrow       |       |     1 |    19 |    99 |   554 |   473 |     2 ||  1148
         Iskenderun's Myst |       |       |       |     7 |    51 |    41 |       ||    99
         Irradiate         |       |       |       |       |     5 |   105 |     1 ||   111
         Sticky Flame      |       |       |       |       |     1 |     1 |       ||     2
         Freezing Cloud    |       |       |       |       |       |    12 |       ||    12
         Orb of Destructio |       |       |       |       |       |   117 |    10 ||   127
 Invoke: Call Merchant     |       |       |       |     2 |     2 |     1 |       ||     5
Ability: Spit Poison       |    19 |    43 |    49 |    69 |    34 |    13 |       ||   227
  Evoke: Wand              |       |       |       |     6 |     5 |     4 |     2 ||    17
         Lightning rod     |       |       |       |       |    10 |     5 |       ||    15
    Use: Scroll            |     4 |     3 |     4 |     2 |    16 |    16 |       ||    45
         Potion            |       |       |       |     1 |     6 |     1 |       ||     8
   Stab: Petrified         |       |       |       |       |     3 |       |       ||     3
         Distracted        |       |       |       |       |       |     4 |       ||     4
         Sleeping          |       |       |       |       |       |     6 |       ||     6
 Armour: Robe              |     7 |    24 |   123 |   287 |   314 |    92 |    33 ||   880
         Leather armour    |       |       |       |       |   252 |   887 |       ||  1139
  Dodge: Dodged            |     4 |    10 |    77 |    95 |   188 |   264 |       ||   638
  Block: Other             |       |       |       |       |    41 |   170 |     4 ||   215
         Reflection        |       |       |       |       |     6 |    14 |       ||    20

Table legend: (Time is in decaauts)
 A = Elapsed time spent in this place.
 B = Non-inter-level travel time spent in this place.
 C = Inter-level travel time spent in this place.
 D = Time resting spent in this place.
 E = Time spent auto-exploring this place.
 F = Levels seen in this place.
 G = Mean time per level.
                   A        B        C        D        E       F      G
               +--------+--------+--------+--------+--------+-----+--------+
         Total |  57012 |  53915 |   3097 |  20839 |  22412 |  31 | 1839.1 |
       Dungeon |  26939 |  25243 |   1696 |   9199 |  10971 |  15 | 1795.9 |
        Temple |    142 |    138 |      4 |     92 |      6 |   1 |  142.0 |
          Lair |  10342 |   9609 |    733 |   2667 |   5022 |   5 | 2068.4 |
     Snake Pit |   8648 |   8187 |    461 |   3807 |   2889 |   3 | 2882.7 |
  Orcish Mines |   3294 |   3093 |    201 |   1232 |   1197 |   2 | 1647.0 |
   Elven Halls |   3529 |   3529 |      0 |   1704 |   1310 |   2 | 1764.5 |
      Ice Cave |   2485 |   2485 |      0 |   1518 |    525 |   1 | 2485.0 |
       Volcano |    926 |    926 |      0 |    452 |    241 |   1 |  926.0 |
      Gauntlet |    704 |    704 |      0 |    166 |    249 |   1 |  704.0 |
               +--------+--------+--------+--------+--------+-----+--------+

Top non-repeatable levels by time:
 Snake:1: 3125 daAuts
   Elf:2: 2988 daAuts
  Lair:2: 2945 daAuts
    D:15: 2932 daAuts
 Snake:3: 2855 daAuts
  Lair:5: 2758 daAuts
     D:8: 2742 daAuts
 Snake:2: 2668 daAuts
    D:14: 2666 daAuts
    D:12: 2490 daAuts
   IceCv: 2485 daAuts
    D:11: 2129 daAuts
  Lair:1: 2005 daAuts
   Orc:2: 1924 daAuts
    D:13: 1897 daAuts
